AoeStats
← Bandolero

Arabia

509400101Analyzed
1v1 RM · 5d ago on Sep 26, 2026· 42m 33s· 2 players
Game mode
Random Map
Map size
Tiny (2 player)
Population
200
Speed
Normal
Resources
Standard
Victory
Conquest
Starting age
Dark Age
Ending age
Imperial Age
RankedLock teamsTeams togetherTeam positionsShared explorationLock speedFull tech treeHidden civsTurbo modeCheats
Victory
Defeat
🇹🇷 Mapuche · Türkiye
1341
+19
🇦🇷 Maya · Argentina
1408
-19
Mtk
6:38 Loom
9:27 Feudal Age
10:03 Double-Bit Axe
11:05 Horse Collar
14:46 Fletching
16:08 Padded Archer Armor
19:57 Castle Age
20:46 Bodkin Arrow
20:20 Elite Skirmisher
21:53 Wheelbarrow
21:15 Gold Mining
21:39 Bow Saw
21:46 Town Watch
23:19 Heavy Plow
24:52 Wheelbarrow
24:51 Leather Archer Armor
26:52 Ballistics
28:30 Champi Runner
29:37 Scale Mail Armor
29:48 Gold Mining
35:16 Imperial Age
32:55 Stone Mining
33:28 Champi Warrior
34:33 Chain Mail Armor
35:37 Hand Cart
35:47 Forging
36:37 Conscription
37:02 Ring Archer Armor
37:44 Chemistry
36:45 Elite Champi Warrior
37:36 Malon
38:34 Gold Shaft Mining
38:35 Masonry
38:59 Plate Mail Armor
39:22 Iron Casting
39:12 Arson
42:19 Blast Furnace
41:36 Town Patrol
Bandolero
0:26 Loom
9:06 Feudal Age
10:39 Double-Bit Axe
14:51 Fletching
20:50 Castle Age
19:17 Gold Mining
19:31 Padded Archer Armor
20:26 Scale Mail Armor
20:58 Crossbowman
22:25 Bodkin Arrow
22:33 Eagle Warrior
26:06 Forging
27:36 Chain Mail Armor
32:03 Wheelbarrow
31:14 Town Watch
33:47 Iron Casting
34:07 Bow Saw
34:28 Stone Mining
38:07 Imperial Age
35:50 Squires
36:29 Arson
37:03 Hand Cart
38:46 Stone Shaft Mining
38:11 Elite Eagle Warrior
39:25 Plate Mail Armor
40:14 Blast Furnace
40:03 Arbalester
42:22 Chemistry
41:43 Ballistics
42:01 Bodkin Arrow
Connection lost

Rejoining the realm…

Still unreachable

The connection could not be restored.

Session expired

The server has moved on; the page needs a fresh start.